 Dungeon Crawl Stone Soup version 0.30-b1-2-g02819fbbbe (webtiles) character file.

Game seed: 15655082580130882461

977 Flugkiller the Trooper (level 7, -1/64 HPs)
             Began as a Minotaur Fighter on May 9, 2023.
             Slain by a centaur (2 damage)
             ... on level 7 of the Dungeon.
             The game lasted 00:01:50 (2904 turns).

Flugkiller the Trooper (Minotaur Fighter)           Turns: 2904, Time: 00:01:50

Health: -1/64      AC: 11    Str: 23      XL:     7   Next: 95%
Magic:  6/6        EV:  9    Int:  5      God:
Gold:   246        SH:  4    Dex:  8 (9)  Spells: 6/6 levels left

rFire   . . .        a - +1 war axe
rCold   . . .        c - +0 buckler
rNeg    . . .        b - +0 scale mail
rPois   .            (helmet restricted)
rElec   .            (no cloak)
rCorr   .            (no gloves)
SInv    .            p - +2 pair of boots
Will    .....        (no amulet) Stlth
                     (no ring)
HPRegen 0.30/turn    (no ring)
MPRegen 0.10/turn

%: no passive effects
@: mighty
A: horns 2, retaliatory headbutt
a: no special abilities


You were on level 7 of the Dungeon.
You visited 1 branch of the dungeon, and saw 5 of its levels.

You collected 246 gold pieces.

Inventory:

Hand Weapons
 a - a +1 war axe (weapon)
Armour
 b - a +0 scale mail (worn)
 c - a +0 buckler (worn)
 p - a +2 pair of boots (worn)
   (You found it on level 3 of the Dungeon)
Wands
 g - a wand of digging (5)
   (You took it off Sigmund on level 4 of the Dungeon)
Scrolls
 j - a scroll of enchant weapon
 k - a scroll of vulnerability
 m - a scroll of magic mapping {unknown}
 n - a scroll of acquirement {unknown}
 q - a scroll of fear {unknown}
 r - 2 scrolls of identify
Potions
 e - 2 potions of attraction
 f - a potion of degeneration
 h - a potion of invisibility {unknown}
 i - a potion of berserk rage {unknown}
 l - a potion of lignification {unknown}
 o - a potion of flight {unknown}
 u - a potion of mutation {unknown}


   Skills:
 * Level 6.9 Fighting
 * Level 6.4 Axes
 * Level 6.7 Armour
 + Level 5.5 Shields


You had 6 spell levels left.
You didn't know any spells.
Your spell library was empty.

Dungeon Overview and Level Annotations

Branches:
Dungeon (4/15)
 Temple: D:4-7

Altars:
Makhleb


Innate Abilities, Weirdness & Mutations

You have a pair of horns on your head.
You reflexively headbutt those who attack you in melee.


Message History

You see here a sky beast corpse.
No target in view!
HP restored.
You see here a sky beast corpse.
j - a scroll of enchant weapon;
r - 2 scrolls of identify (gained 1)
Items here: ))) [[[ †.
You now have 246 gold pieces (gained 21).
Items here: )) [ †.
A centaur comes into view.
The centaur wields a +0 shortbow.
The centaur shoots an arrow.
The arrow hits you.
The centaur shoots an arrow.
The arrow hits you but does no damage.
You hear a shout!
A centaur is nearby!
An orc and a wight come into view.
The orc is wielding a +2 vampiric dagger.
The orc shouts!
You hear a shout!
The centaur shoots an arrow.
The arrow barely misses you.
The orc moves out of view.
An orc comes into view.
It is wielding a +1 hand axe of freezing.
The orc shouts!
A centaur comes into view.
The centaur shoots an arrow.
You block the arrow.
The centaur shoots an arrow.
You block the arrow.
An orc and 2 wights come into view.
The orc shouts!
The centaur wields a +0 shortbow.
The centaur shoots an arrow.
The arrow hits you.
The centaur shoots an arrow.
The arrow hits you.
A wight comes into view. It is wielding a +0 halberd.
The centaur shoots an arrow.
The arrow misses you.
The centaur unwields a +0 shortbow.
You block the centaur's attack. The centaur misses you.
The centaur shoots an arrow.
The arrow hits you.
The centaur hits you but does no damage.
The centaur kicks you but does no damage.
You barely miss the centaur. The centaur closely misses you.
The centaur kicks you.
The wight hits you from afar with a +0 spear.
The centaur unwields a +0 shortbow.
The centaur closely misses you. You furiously retaliate!
You headbutt the centaur.
The centaur kicks you but does no damage.
You completely miss the centaur.
The centaur is moderately wounded.
You slash the wight! You hit the centaur. The centaur hits you.
The centaur kicks you.
The centaur hits you but does no damage.
The centaur kicks you but does no damage.
The centaur misses you.
The centaur kicks you but does no damage.
The wight hits you with a +0 dire flail!
You feel drained.
The wight hits you from afar with a +0 spear.
You hit the wight but do no damage. Your headbutt misses the wight.
The wight is heavily damaged.
You hit the centaur. You hit the orc. You hit the centaur but do no damage.
You hit the wight.
The centaur hits you but does no damage.
The centaur kicks you but does no damage.
The centaur hits you but does no damage.
The centaur barely misses you.
The wight hits you with a +0 dire flail!
The wight hits you with a +0 morningstar!
* * * LOW HITPOINT WARNING * * *
You block the wight's attack.
A wight comes into view.
It is wielding a +0 battleaxe and wearing a +0 robe of fire resistance.
An orc comes into view. It is wielding a +0 dagger.
The centaur hits you but does no damage.
You block the centaur's attack. The centaur closely misses you.
You furiously retaliate!
You headbutt the centaur! The centaur closely misses you.
You are too injured to fight recklessly!
Unknown command.
Okay, then.
You feel very mighty all of a sudden.
The centaur hits you but does no damage.
The centaur kicks you but does no damage.
You block the centaur's attack. The centaur kicks you.
* * * LOW HITPOINT WARNING * * *
The wight closely misses you. The wight misses you. You furiously retaliate!
You headbutt the wight!
You destroy the wight!
You block the wight's attack. The wight misses you. The orc barely misses you.
Your life force feels restored.
You are too injured to fight recklessly!
You slash the wight!
You destroy the wight!
You slash the centaur! You closely miss the orc. You closely miss the centaur.
You slash the orc!
You kill the orc!
The centaur barely misses you.
The centaur kicks you but does no damage.
You block the centaur's attack. The centaur misses you.
The wight barely misses you.
The wight hits you from afar with a +0 halberd!
* * * LOW HITPOINT WARNING * * *
The orc closely misses you. You furiously retaliate!
You headbutt the orc!
You kill the orc!
An orc comes into view. It is wielding a +0 dagger.
The centaur hits you but does no damage.
The centaur kicks you.
You die...

[# ..## ..
..# ##.#####
#.# #..z...#
# ##.##
#......####.#
....#
#......#...
##..#
#....z...#
#..###
#..z)c).#
##)).##
#....@c.#
#.#..#
##'##))o####
#.##.#
#......o.o.o
#.##.#
##.#########
#.##.## #..#
#.##..# ##.##
###.###.##
#..# ....#
#..###.##
....#
##.....#


You could see 2 centaurs, 3 wights and 3 orcs.

Vanquished Creatures
  A hornet (D:7)
  Sigmund (D:4)
  A sky beast (D:7)
  A bullfrog (D:7)
  A scorpion (D:7)
  2 wights (D:7)
  A hound (D:4)
  3 orc priests
  3 orc wizards
  2 adders (D:2)
  An ufetubus (D:4)
  A worm (D:4)
  6 dart slugs
  22 orcs
  6 bats
  6 endoplasms
  2 giant cockroaches
  5 goblins
  12 hobgoblins
  4 jackals (D:1)
  2 quokkas
  3 ball pythons
  A frilled lizard (D:3)
  6 kobolds
  A rat (D:3)
94 creatures vanquished.

Vanquished Creatures (others)
  17 plants (D:1)
17 creatures vanquished.

Grand Total: 111 creatures vanquished

Notes
Turn   | Place    | Note
-------+----------+-------------------------------------------
     0 | D:1      | Flugkiller the Minotaur Fighter began the quest for the
                  | Orb.
     0 | D:1      | Reached XP level 1. HP: 19/19 MP: 0/0
   122 | D:1      | Reached XP level 2. HP: 22/27 MP: 1/1
   739 | D:2      | Reached XP level 3. HP: 33/33 MP: 2/2
   801 | D:2      | Found a burning altar of Makhleb.
   978 | D:2      | Found a faded altar of an unknown god.
  1478 | D:3      | Reached XP level 4. HP: 33/41 MP: 3/3
  1628 | D:3      | Reached XP level 5. HP: 21/47 MP: 4/4
  2021 | D:4      | Reached skill level 5 in Fighting
  2021 | D:4      | Reached skill level 5 in Armour
  2231 | D:4      | Reached XP level 6. HP: 49/56 MP: 5/5
  2326 | D:4      | Noticed Sigmund
  2340 | D:4      | Killed Sigmund
  2341 | D:4      | Reached skill level 5 in Axes
  2463 | D:4      | You fall into a shaft and drop 3 floors!
  2487 | D:7      | Noticed a hornet
  2492 | D:7      | Killed a hornet
  2493 | D:7      | Reached skill level 5 in Shields
  2493 | D:7      | Reached XP level 7. HP: 28/63 MP: 6/6
  2904 | D:7      | HP: 1/64 [wight/+0 halberd (12)]
  2904 | D:7      | Slain by a centaur

Illustrated notes

Levels and vault maps discovered:
D:1:      roderic_crop_circles_arrival_large, layout_basic
D:2:      layout_loops_cross, basic_altar, chequers_ecumenical_altar_island
D:3:      layout_basic, nicolae_concentric_dashed_squares_wild,
          kennysheep_generic_room_3
D:4:      layout_rooms, mainiacjoe_overflow_tiny_flanked, uniq_sigmund
D:7:      layout_basic

Skill      XL: |  1  2  3  4  5  6  7 |
---------------+----------------------+-----
Axes           | 3 4 5 6 |  6.4
Fighting       | 4 5 6 |  6.9
Armour         | 4 5 6 |  6.7
Shields        | 4 5 |  5.5

Action                     |  1- 3 |  4- 6 |  7- 9 || total
---------------------------+-------+-------+-------++-------
  Melee: War axe           |    73 |   100 |    30 ||   203
         Headbutt          |    17 |    16 |     4 ||    37
    Use: Scroll            |       |     4 |       ||     4
         Potion            |       |     2 |     1 ||     3
 Armour: Scale mail        |    43 |    55 |    31 ||   129
  Dodge: Dodged            |    32 |    45 |    29 ||   106
  Block: Buckler           |    14 |    18 |    13 ||    45
